 Dungeon Crawl Stone Soup version 0.28-a0-1486-g8196b01e9b (console) character file.

Game seed: 3426340245392405356

6638 Banquo the Cleaver (level 11, 0/78 HPs)
             Began as a Djinni Fighter on Jan 12, 2022.
             Was a Priest of Okawaru.
             Killed by refrigeration
             ... invoked by Fannar
              (27 damage)
             ... on level 10 of the Dungeon on Jan 13, 2022.
             The game lasted 00:40:07 (9571 turns).

Banquo the Cleaver (Djinni Fighter)                 Turns: 9571, Time: 00:40:08

Health: 0/78       AC: 24    Str: 15    XL:     11   Next: 22%
Gold:   463        EV: 12    Int: 14    God:    Okawaru [***...] SH:  7 Dex: 13

rFire   + + .      SeeInvis .   a - +1 war axe (spect)
rCold   x . .      Faith    .   i - +0 buckler
rNeg    . . .      Spirit   .   d - +1 plate armour
rPois   ∞          Reflect  .   h - +0 helmet
rElec   .          Harm     .   e - +0 cloak
rCorr   .          Rampage  .   (no gloves)
Will    +....                   (boots unavailable)
Stlth   ..........              r - amulet of regeneration
HPRegen 1.03/turn               L - +4 ring of evasion
MPRegen 0.00/turn               F - +4 ring of protection

@: heroic, flying, studying Fighting
A: sickness immunity, fire resistance 2, cold vulnerability 1, float, innate
caster, hp casting, extra vitality 1
a: Renounce Religion, Heroism


You were on level 10 of the Dungeon.
You worshipped Okawaru.
Okawaru was most pleased with you.
You visited 2 branches of the dungeon, and saw 11 of its levels.

You collected 463 gold pieces.

Inventory:

Hand Weapons
 a - a +1 spectral war axe (weapon)
 b - the +7 whip "Beastbane" {speed, rC+ Int+4}
   (You found it on level 5 of the Dungeon)

   Attacks with this weapon are significantly faster.
   Int:       It affects your intelligence (+4).
   rC:        It protects you from cold.
 n - a +3 trident
 u - a +0 war axe
 z - a +0 whip of electrocution
 H - a +1 flail of protection
Missiles
 l - 302 stones (quivered)
 s - 73 poisoned darts
 w - 11 boomerangs
Armour
 d - a +1 plate armour (worn)
 e - a +0 cloak (worn)
 h - a +0 helmet (worn)
 i - a +0 buckler (worn)
 J - an orb of light
 K - a +0 scale mail
Jewellery
 c - a ring of fire
 g - a ring of protection from fire
 r - an amulet of regeneration (around neck)
 x - an amulet of regeneration
 F - a +4 ring of protection (right hand)
 L - a +4 ring of evasion (left hand)
Wands
 t - a wand of paralysis (24)
 B - a wand of acid (13)
 D - a wand of digging (7)
 I - a wand of iceblast (7)
Scrolls
 m - 2 scrolls of noise
 p - 3 scrolls of teleportation
 v - 5 scrolls of silence
 C - a scroll of enchant armour
 E - a scroll of identify
Potions
 f - 2 potions of heal wounds
 j - 3 potions of mutation
 k - a potion of cancellation
 o - 2 potions of brilliance
 q - a potion of haste
 A - a potion of curing
 G - a potion of might
 O - a potion of invisibility {unknown}


   Skills:
 + Level 6.7(11.7) Fighting
 * Level 9.0(14.0) Axes
 + Level 8.6(13.6) Armour
 + Level 4.1(9.1) Dodging
 + Level 6.2(11.2) Shields
 * Level 3.5 Invocations


You couldn't memorise any spells.
You knew the following spells:

 Your Spells              Type           Power      Damage    Failure   Level
a - Apportation           Tloc           0%         N/A       100%        1
b - Inner Flame           Hex/Fire       0%         N/A       100%        3
c - Lesser Beckoning      Tloc           0%         N/A       100%        3
d - Summon Lightning Spi  Summ/Air       0%         N/A       100%        4
i - Call Imp              Summ           0%         N/A       100%        2
Your spell library was empty.


Dungeon Overview and Level Annotations

Branches:
Dungeon (10/15)            Temple (1/1) D:7
   Lair: D:8-11         Orc: D:9-12

Altars:
Ashenzari
Cheibriados
Dithmenos
Elyvilon
Fedhas
Gozag
Hepliaklqana
Kikubaaqudgha
Makhleb
Nemelex Xobeh
Okawaru
Qazlal
Ru
Sif Muna
Trog
Uskayaw
Vehumet
Wu Jian
Xom
Yredelemnul
Zin
The Shining One

Annotations:
D:4 1 runed translucent door, Crazy Yiuf
D:5 3 runed translucent doors, fritzmikael's ghost, weakling DgDe
D:8 2 transporters, exclusion: oklob plant, grgax's ghost, novice GnCA
D:10 Fannar


Innate Abilities, Weirdness & Mutations

You are immune to sickness and miasma.
You are immune to poison.
Your flesh is very heat resistant. (rF++)
You are vulnerable to cold. (rC-)
You float through the air rather than walking.
You learn spells naturally, not from books.
Your magical power is your life essence.
You have superior vitality. (+4 MHP)


Message History

You kill the wyvern!
Okawaru accepts your kill.
HP restored.
You now have 463 gold pieces (gained 22).
Found a stone staircase leading down.
v - 5 scrolls of silence (gained 1) Fannar the Cold-Hearted comes into view.
They are wielding a staff of cold and wearing a +1 robe of cold resistance.
Fannar shouts!
Unknown command.
Fannar closely misses you.
You hit Fannar.
Fannar is lightly wounded.
Fannar hits you with a staff of cold. Fannar freezes you.
You hit Fannar but do no damage. Fannar hits you but does no damage.
Fannar freezes you!
You gain the combat prowess of a mighty hero.
Fannar hits you with a staff of cold. Fannar freezes you.
You closely miss Fannar. Fannar hits you with a staff of cold.
Fannar freezes you!
You hit Fannar.
Fannar is lightly wounded.
Fannar closely misses you.
You slash Fannar!
Fannar is lightly wounded.
Fannar casts a spell.
You hit Fannar.
Fannar is lightly wounded.
Fannar points at you and mumbles some strange words.
The bolt of cold hits you!!
You feel a terrible chill!
You miss Fannar.
Fannar is lightly wounded.
You miss Fannar.
Fannar is lightly wounded.
Fannar barely misses you.
You closely miss Fannar.
Fannar is lightly wounded.
Fannar gestures wildly while chanting.
Fannar drains the heat from the surrounding environment!
You feel a terrible chill!
You die...

#.##. #.# #.##.
#.# #.##. #.#
#.##. #.#
######.##. ####
#.# #....†..# .Y#
#.# #.####..# #e#
#.# #.# #..#
#@###.###.####..#
#...............#.
#####.......###.#.
#####.#.# .#.
#.#.# .## #.... .#
#.#### ## #># #.#
##


You could see Fannar and an ice beast (summoned).

Vanquished Creatures
  2 two-headed ogres
  Joseph (D:7)
  A hornet (D:9)
  2 wyverns
  2 steam dragons (D:8)
  2 water moccasins (D:6)
  4 black bears
  3 sky beasts
  A hornet zombie (D:7)
  4 orc warriors
  An ice beast (D:8)
  2 ogres
  5 centaurs
  A phantom (D:6)
  2 kobold brigands
  5 bullfrogs
  A scorpion (D:5)
  A water moccasin zombie (D:5)
  A water moccasin skeleton (D:6)
  13 killer bees
  5 howler monkeys (D:9)
  A bullfrog zombie (D:6)
  A centaur zombie (D:8)
  5 orc priests
  2 bullfrog skeletons
  A centaur skeleton (D:5)
  A gnoll shaman (D:6)
  Natasha (thrice) (D:4)
  2 iguanas
  7 orc wizards
  A hound skeleton (D:5)
  7 gnolls
  10 adders
  A shadow imp (D:8)
  A white imp (D:5)
  7 worms
  5 dart slugs
  28 orcs
  7 ball pythons
  5 endoplasms
  4 giant cockroaches
  3 hobgoblins
  11 jackals
  2 quokkas
  5 bats
  5 frilled lizards
  9 goblins
  7 kobolds
  2 rats
202 creatures vanquished.

Vanquished Creatures (collateral kills)
  A bullfrog (D:6)
1 creature vanquished.

Vanquished Creatures (others)
  A killer bee (D:8)
  5 fungi (D:4)
  A plant (D:3)
7 creatures vanquished.

Grand Total: 210 creatures vanquished

Notes
Turn   | Place    | Note
-------+----------+-------------------------------------------
     0 | D:1      | Banquo the Djinni Fighter began the quest for the Orb.
     0 | D:1      | Reached XP level 1. HP: 20/20 MP: 0/0
   178 | D:1      | Reached XP level 2. HP: 13/25 MP: 0/0
   883 | D:2      | Reached skill level 2 in Axes
   883 | D:2      | Reached XP level 3. HP: 30/30 MP: 0/0
   883 | D:2      | Learned a level 1 spell: Apportation
  1237 | D:2      | Reached XP level 4. HP: 34/35 MP: 0/0
  2124 | D:2      | Reached XP level 5. HP: 23/40 MP: 0/0
  2124 | D:2      | Learned a level 2 spell: Call Imp
  2296 | D:3      | Reached skill level 3 in Axes
  2416 | D:3      | Found a faded altar of an unknown god.
  2755 | D:4      | Noticed Natasha
  2883 | D:4      | Reached XP level 6. HP: 46/46 MP: 0/0
  3177 | D:4      | Reached skill level 4 in Axes
  3183 | D:4      | Noticed a black bear
  3194 | D:4      | Killed a black bear
  3195 | D:4      | Reached skill level 1 in Dodging
  3395 | D:4      | Killed Natasha
  3396 | D:4      | Reached XP level 7. HP: 45/51 MP: 0/0
  3396 | D:4      | Learned a level 3 spell: Inner Flame
  3556 | D:4      | Noticed Natasha
  3564 | D:4      | Killed Natasha
  3793 | D:4      | Noticed Natasha
  3809 | D:4      | Killed Natasha
  4120 | D:4      | You are sucked into a shaft and drop 1 floor!
  4120 | D:5      | Entered Level 5 of the Dungeon
  4247 | D:4      | Found a runed translucent door.
  4248 | D:4      | Noticed Crazy Yiuf
  4589 | D:5      | Found a runed translucent gate.
  4590 | D:5      | Found a runed translucent gate.
  4590 | D:5      | Found a runed translucent gate.
  4591 | D:5      | Noticed fritzmikael's ghost (weakling DgDe)
  4701 | D:5      | Reached skill level 5 in Axes
  4731 | D:5      | Reached XP level 8. HP: 39/58 MP: 0/0
  4846 | D:5      | Identified the +7 whip "Beastbane" {speed, rC+ Int+4}
  5401 | D:6      | Reached skill level 5 in Armour
  5561 | D:6      | Reached skill level 6 in Axes
  5568 | D:6      | Paralysed by a gnoll for 7 turns
  5682 | D:6      | Found a blossoming altar of Fedhas.
  5779 | D:6      | Reached XP level 9. HP: 54/63 MP: 0/0
  5779 | D:6      | Learned a level 3 spell: Lesser Beckoning
  5952 | D:7      | Noticed Joseph
  6045 | D:7      | Killed Joseph
  6046 | D:7      | Reached skill level 5 in Fighting
  6046 | D:7      | Reached skill level 5 in Shields
  6475 | D:7      | Found a staircase to the Ecumenical Temple.
  6484 | Temple   | Entered the Ecumenical Temple
  6665 | Temple   | Became a worshipper of Warmaster Okawaru
  7046 | D:8      | Found a transporter.
  7130 | D:8      | Noticed grgax's ghost (novice GnCA)
  7132 | D:8      | Noticed a troll
  7269 | D:8      | Reached XP level 10. HP: 72/72 MP: 0/0
  7470 | D:8      | Reached * piety under Okawaru
  7471 | D:8      | Reached skill level 7 in Axes
  7549 | D:8      | Noticed an oklob plant
  7590 | D:8      | Found a transporter.
  7605 | D:8      | Identified the +10 great mace of Addalyism {flame, Dex+2
                  | Stlth+}
  7850 | D:8      | Reached skill level 1 in Invocations
  7891 | D:8      | Noticed a two-headed ogre
  7944 | D:8      | Killed a two-headed ogre
  8261 | D:8      | Reached ** piety under Okawaru
  8748 | D:9      | Noticed a two-headed ogre
  8761 | D:9      | Killed a two-headed ogre
  8762 | D:9      | Reached skill level 8 in Axes
  8829 | D:9      | Reached XP level 11. HP: 78/78 MP: 0/0
  8829 | D:9      | Learned a level 4 spell: Summon Lightning Spire
  8864 | D:9      | Reached *** piety under Okawaru
  9352 | D:10     | Entered Level 10 of the Dungeon
  9460 | D:10     | Reached skill level 9 in Axes
  9517 | D:10     | Identified a scroll of acquirement
  9518 | D:10     | Acquired a manual of Fighting
  9560 | D:10     | Noticed Fannar
  9571 | D:10     | Killed from afar by Fannar

Illustrated notes

Levels and vault maps discovered:
D:1:      dpeg_arrival_simpleton_c, layout_basic
D:2:      minmay_inner_zag, layout_basic, chequers_mini_garden
D:3:      layout_rooms, shapermc_ecumenical_altar_mp_ritualfount
D:4:      layout_layer_cave, uniq_crazy_yiuf_cottage, uniq_natasha
D:5:      layout_loops_ring, ebering_ghost_rock_garden
D:6:      layout_rooms, lemuel_tele_altar, serial_glass, glass_columns_b,
          glass_columns_a
D:7:      layout_rooms, minmay_temple_entry_sparse_star, uniq_joseph
D:8:      layout_basic, nzn_ghost_randoct, chequers_serial_rivers_large_b,
          small_statue_intersection, kennysheep_kite_vault
D:9:      layout_irregular_city
D:10:     nzn_winding_woodlands_small [nzn_winding_woodlands_5x15_parted,
          nzn_winding_woodlands_center_lodge,
          nzn_winding_woodlands_5x15_split_checker], layout_loops_ring,
          minmay_microvault, uniq_fannar
Temple:   minmay_crystal_snake_temple

Skill      XL: |  1  2  3  4  5  6  7  8  9 10 11 |
---------------+----------------------------------+-----
Axes           | 2 3 4 5 6 8 9 |  9.0
Armour         | 4 5 7 8 |  8.6
Dodging        | 1 2 3 4 |  4.1
Fighting       | 4 5 6 |  6.7
Shields        | 4 5 6 |  6.2
Invocations    | 2 3 |  3.5

Action                   |  1- 3 |  4- 6 |  7- 9 | 10-12 || total
-------------------------+-------+-------+-------+-------++-------
Melee: War axe           |    81 |   265 |    97 |   152 ||   595
       Whip              |       |       |   288 |    21 ||   309
Invok: Heroism           |       |       |       |     4 ||     4
Evoke: Wand              |       |       |     1 |       ||     1
  Use: Scroll            |       |    10 |     3 |    10 ||    23
 Stab: Paralysed         |       |       |     6 |       ||     6
       Distracted        |       |       |       |     2 ||     2
Armor: Scale mail        |    42 |   145 |   121 |       ||   308
       Chain mail        |       |       |     2 |    25 ||    27
       Plate armour      |       |       |       |    84 ||    84
Dodge: Dodged            |    36 |   147 |   122 |    58 ||   363
Block: Buckler           |    30 |    79 |    70 |    52 ||   231

Table legend: (Time is in decaauts)
 A = Elapsed time spent in this place.
 B = Non-inter-level travel time spent in this place.
 C = Inter-level travel time spent in this place.
 D = Time resting spent in this place.
 E = Time spent auto-exploring this place.
 F = Levels seen in this place.
 G = Mean time per level.
                   A        B        C        D        E       F      G
               +--------+--------+--------+--------+--------+-----+--------+
         Total |   9673 |   8865 |    808 |    658 |   5549 |  11 |  879.4 |
       Dungeon |   9462 |   8693 |    769 |    658 |   5399 |  10 |  946.2 |
        Temple |    210 |    171 |     39 |      0 |    150 |   1 |  210.0 |
               +--------+--------+--------+--------+--------+-----+--------+

Top non-repeatable levels by time:
     D:4: 1820 daAuts
     D:2: 1453 daAuts
     D:8: 1353 daAuts
     D:9: 942 daAuts
     D:5: 865 daAuts
     D:1: 858 daAuts
     D:6: 747 daAuts
     D:7: 717 daAuts
     D:3: 554 daAuts
  Temple: 210 daAuts
    D:10: 150 daAuts
